 Dungeon Sprint DCSS version bcrawl-1.27.6 (webtiles) character file.

Game seed: 5401334202516405037

6983391 Baz the End of an Era (level 17, -1/164 HPs)
             Began as a Demonspawn Gladiator on Sept 13, 2020.
             Was the Champion of Qazlal.
             Slain by Gloorx Vloq (7 damage)
             ... in the Dungeon (Sprint V: "Ziggurat Sprint").
             The game lasted 00:17:25 (1246 turns).

Baz the End of an Era (Demonspawn Gladiator)        Turns: 1246, Time: 00:17:25

Health: -1/164     AC: 49    Str: 22    XL:     17   Next: 3%
Magic:  0/34       EV:  3    Int: 11    God:    Qazlal [******]
Gold:   0          SH: 47    Dex: 20    Spells: 16/16 levels left

rFire    . . .     SeeInvis +   r - +14 obsidian axe {chop, +Fly SInv *Curse} (curse)
rCold    . . .     Gourm    .   q - +18 shield of the Gong {rElec rN+ MR+ EV-5}
rNeg     + . .     Faith    .   p - +15 Maxwell's patent armour {-Cast -Tele rElec MR+ rCorr}
rPois    .         Spirit   +   (helmet unavailable)
rElec    +         Reflect  +   X - +2 cloak {MR+}
rCorr    +         Harm     .   S - +2 pair of gloves {Str+3}
MR       ++++.     NoTele   +   (no boots) Stlth ..........NoCast +
                                U - amulet of Autumn {Reflect Dex+4 SH+4}
HPRegen  8.37/turn              (no ring)
MPRegen  0.24/turn              (no ring)

@: lethally poisoned (-1 -> -1), exhausted, protected from physical damage,
mesmerised, glowing, silenced, repel missiles
A: antennae 3, thin metallic scales 2, powered by death 3, augmentation 2, magic
shield
a: Renounce Religion, Evoke Flight


You were in the Dungeon.
You worshipped Qazlal.
Qazlal was exalted by your worship.
You were hungry.

You visited 1 branch

Inventory:

Hand Weapons
 a - a +0 war axe
 r - the cursed +14 obsidian axe (weapon) {chop, +Fly SInv *Curse}
   (You found it in the Dungeon)

   It will always inflict at least some extra damage.
   This minimum extra damage increases with your current reserve of magical
   power.
   It lets you see invisible.
   It lets you fly.
   It curses itself when equipped.
   It has a curse placed upon it.
Missiles
 d - 3 throwing nets {=f}
Armour
 l - +5 gold dragon scales
 p - the +15 Maxwell's patent armour (worn) {-Cast -Tele rElec MR+ rCorr}
   (You found it in the Dungeon)

   It insulates you from electricity.
   It affects your resistance to hostile enchantments.
   It prevents spellcasting.
   It prevents most forms of teleportation.
   It provides partial protection from all sources of acid and corrosion.
 q - the +18 shield of the Gong (worn) {rElec rN+ MR+ EV-5}
   (You found it in the Dungeon)

   It affects your evasion (-5).
   It insulates you from electricity.
   It protects you from negative energy.
   It affects your resistance to hostile enchantments.
 S - a +2 pair of gloves of strength (worn)
 X - a +2 cloak of magic resistance (worn)
 Z - the +2 robe of Vines {NoPotionHeal Regen+7 Str+7}
   (You found it in the Dungeon)

   It affects your strength (+7).
   It increases your rate of regeneration.
Jewellery
 c - the cursed necklace of Bloodlust {Rage *Rage MR++ Int-3 Slay+6 *Curse}
   (You found it in the Dungeon)

   [amulet of rage]

   It affects your intelligence (-3).
   It affects your accuracy and damage with ranged weapons and melee attacks
   (+6).
   It affects your resistance to hostile enchantments.
   It may make you go berserk in combat.
   It curses itself when equipped.
   It has a curse placed upon it.
 m - an uncursed ring of protection from fire
 n - the ring "Ruox" {rElec rC+ MR+}
   (You found it in the Dungeon)

   [ring of insulation]

   It protects you from cold.
   It insulates you from electricity.
   It affects your resistance to hostile enchantments.
 t - an uncursed ring of flight
 u - a +6 ring of dexterity
 v - a +6 ring of dexterity
 w - a +6 ring of intelligence
 x - a +6 ring of intelligence
 y - a +6 ring of strength
 z - a +6 ring of strength
 U - the amulet of Autumn (around neck) {Reflect Dex+4 SH+4}
   (You found it in the Dungeon)

   [amulet of reflection]

   It shields you and reflects attacks.
   It affects your dexterity (+4).
   It affects your SH (+4).
 Y - a +4 ring of protection
Wands
 A - a wand of disintegration (7)
 B - a wand of iceblast (7)
 C - a wand of acid (7)
Scrolls
 k - 4 scrolls of blinking
 G - 4 scrolls of enchant weapon
 J - 4 scrolls of amnesia
 K - 7 scrolls of fog
 L - 5 scrolls of identify
 M - 5 scrolls of remove curse
 N - 2 scrolls of fear
 R - 4 scrolls of enchant armour
 V - a scroll of brand weapon
Potions
 f - 9 potions of curing
 g - 7 potions of heal wounds
 h - 6 potions of haste
 i - 7 potions of magic
 j - 2 potions of berserk rage
 D - 2 potions of brilliance
 E - 2 potions of invisibility
 F - 4 potions of resistance
 H - 7 potions of agility
 I - 5 potions of might
Miscellaneous
 b - 3 boxes of beasts
 o - a fan of gales (2/2)
 s - a lightning rod (4/4)
 O - 5 phantom mirrors
 P - a phial of floods
 Q - a lamp of fire
 T - a sack of spiders
Comestibles
 e - 14 rations {!d}


   Skills:
 * Level 23.2 Fighting
 + Level 19.0 Axes
 - Level 1.7 Throwing
 * Level 22.2 Armour
 - Level 2.6 Dodging
 * Level 21.6 Shields
 O Level 27 Invocations
 + Level 13.4 Evocations


You had 16 spell levels left.
You didn't know any spells.
Your spell library contained the following spells:

 Spells                   Type           Power        Failure   Level  Hunger
 Flame Tongue             Conj/Fire      #....        99%         1    None
 Magic Dart               Conj           #...         99%         1    None
 Sandblast                Erth           #.....       99%         1    None
 Summon Butterflies       Summ           #.......     99%         1    None
 Ensorcelled Hibernation  Hex/Ice        #.....       100%        2    ####...
 Conjure Flame            Conj/Fire      #.......     100%        3    #####..
 False Image              Hex/Summ       #.......     100%        3    #####..
 Ignite Poison            Fire/Tmut/Pois #.......     100%        3    #####..
 Iskenderun's Mystic Bla  Conj           #.......     100%        3    #####..
 Mephitic Cloud           Conj/Pois/Air  #.......     100%        3    #####..
 Ozocubu's Armour         Chrm/Ice       #.......     100%        3    #####..
 Spider Form              Tmut/Pois      #..          100%        3    #####..
 Tukima's Dance           Hex            #.......     100%        3    #####..
 Summon Scorpions         Summ/Pois      #.......     100%        4    ######.
 Throw Icicle             Conj/Ice       #.......     100%        4    ######.
 Iskenderun's Battlesphe  Conj/Chrm      #.......     100%        5    #######
 Statue Form              Tmut/Erth      #........    100%        6    #######
 Spellforged Servitor     Conj/Summ      #.........   100%        7    #######
 Chain Lightning          Conj/Air       #.........   100%        8    #######
 Ignition                 Fire           #.........   100%        8    #######
 Fire Storm               Conj/Fire      #.........   100%        9    #######


Dungeon Overview and Level Annotations

Branches:
Dungeon (1/1)

Altars:
Ashenzari
Cheibriados
Dithmenos
Elyvilon
Fedhas
Gozag
Hepliaklqana
Kikubaaqudgha
Lugonu
Makhleb
Nemelex Xobeh
Okawaru
Qazlal
Ru
Sif Muna
Trog
Uskayaw
Vehumet
Wu Jian
Xom
Yredelemnul
Zin
The Shining One
Beogh
Jiyva

Annotations:
D Blork the orc, Chuck, Gastronok, Geryon, Gloorx Vloq, Ignacio, Jory, Josephine, Mennas, Mnoleg, Murray, Nellie


Innate Abilities, Weirdness & Mutations

You have a pair of large antennae on your head. (SInv)
You are mostly covered in thin metallic scales. (AC +3)
You regenerate a lot of health from kills.
Your magical and physical power is enhanced at high health.
When hurt, damage is shared between your health and your magic reserves.


Message History

* * * LOW HITPOINT WARNING * * *
You block Mennas's attack.
No path to travel!
No path to travel!
No path to travel!
No path to travel!
No path to travel!
You cut Jory into ribbons!!!
Jory is almost destroyed.
You hit Chuck. You slash Gloorx Vloq! You hit Ignacio. You slice Mennas!!
Visions of slaying Ignacio flood into your mind.
You feel sick.
The Executioner disappears in a puff of smoke!
You block Ignacio's attack. x2; Ignacio hits you but does no damage.
You writhe in agony!
* * * LOW HITPOINT WARNING * * *
You block Ignacio's attack. You block Jory's attack. Jory bites you!
* * * LOW HITPOINT WARNING * * *
Jory draws strength from your injuries! Gloorx Vloq hits you!
You die...

▓▓▓▓▓▓▓▓
≈.≈=)).|)):|)..
▓.......
.≈)))[}||o[}?..
▓..})))=
..†≈.≈w.§.(....
▓..)[||)
..≈.≈.)J.J.§...
▓..≈...)
..≈.≈≈JJJX.)...
▓...≈...
....≈.z&2J&@...
▓......≈
.....1AVC.2....
▓.......
..≈*w°1@J......
▓......≈
.≈§...&..≈.≈...
▓.......
....1§.........
▓.......
..≈.1≈≈..≈.≈...
▓...▓...
≈≈▓≈.≈≈...≈≈▓..
▓..▓▓▓..
...≈≈≈.........
▓...▓...
.≈.≈≈..........
▓.......
...≈≈..©.......
▓.......
▓▓▓▓▓▓▓▓▓▓▓▓▓▓▓
▓▓▓▓▓▓▓▓


You could see Gloorx Vloq, Mnoleg, Geryon, Ignacio, Jory, Murray, Mennas,
Gastronok, Nellie the tentacled monstrosity, an eldritch tentacle, Chuck, 4 acid
blobs, 2 hell beasts, an azure jelly, Josephine, 3 Executioners, 2 death oozes
and Blork the orc.

Vanquished Creatures
  the Royal Jelly (D)
  Dissolution (D)
  the Lernaean hydra (D)
  Boris (D)
  Frederick (D)
  7 pearl dragons (D)
  An Orb Guardian (D)
  A Hell Sentinel (D)
  A tentacled monstrosity (D)
  7 acid blobs (D)
  Frances (D)
  Agnes (D)
  A draconian monk (D)
  A shadow dragon (D)
  2 daevas (D)
  12 azure jellies (D)
  2 frost giants (D)
  3 storm dragons (D)
  An orc warlord (D)
  4 fire giants (D)
  6 angels (D)
  A ghoul (D)
  2 draconian shifters (D)
  4 stone giants (D)
  6 ophanim (D)
  4 apis (D)
  7 green draconians (D)
  3 purple draconians (D)
  4 white draconians (D)
  6 yellow draconians (D)
  5 black draconians (D)
  A red draconian (D)
  9 death oozes (D)
  An ettin (D)
  Harold (D)
  3 great orbs of eyes (D)
  Psyche (D)
  5 two-headed ogres (D)
  A vampire mage (D)
  An orc high priest (D)
  3 soul eaters (D)
  4 cherubim (D)
  Pikel (D)
  12 cyclopes (D)
  A large abomination (D)
  3 orc knights (D)
  2 shining eyes (D)
  An orc sorcerer (D)
  6 ugly things (D)
  Maurice (D)
  A guardian serpent (D)
  A black mamba (shapeshifter) (D)
  A moth of wrath (D)
  A smoke demon (D)
  2 eyes of devastation (D)
  A cane toad (shapeshifter) (D)
  3 trolls (D)
  Prince Ribbit (D)
  2 polar bears (D)
  2 hornets (D)
  12 slime creatures (D)
  5 spriggans (D)
  A shadow (D)
  A vampire (D)
  A golden eye (D)
  3 neqoxecs (D)
  A warg (D)
  A hell hound (D)
  A floating eye (D)
  Purgy (D)
  2 orc warriors (D)
  An ice beast (D)
  2 black bears (D)
  An eye of draining (D)
  2 necrophages (D)
  3 ogres (D)
  2 wolves (D)
  Dowan (D)
  A wight (D)
  A crimson imp (D)
  2 quasits (D)
  6 orc priests (D)
  6 jellies (D)
  Terence (D)
  2 orc wizards (D)
  A gnoll (D)
  2 white imps (D)
  An ufetubus (D)
  2 oozes (D)
  An adder zombie (D)
  6 orcs (D)
  4 spectral bats (D)
  4 bat skeletons (D)
  2 ball python skeletons (D)
  A ball python zombie (D)
  A jackal skeleton (D)
  A jackal zombie (D)
  A quokka skeleton (D)
  A quokka zombie (D)
  2 spectral ball pythons (D)
  A spectral giant cockroach (D)
261 creatures vanquished.

Vanquished Creatures (collateral kills)
  A black draconian (D)
  2 white draconians (D)
  An ice devil (D)
  A polar bear (D)
  A steam dragon (shapeshifter) (D)
  A black bear (shapeshifter) (D)
  An orc priest (D)
  An iron imp (D)
  A white imp (D)
  A quokka simulacrum (D)
11 creatures vanquished.

Grand Total: 272 creatures vanquished

Notes
Turn   | Place    | Note
-------+----------+-------------------------------------------
     0 | D        | Baz the Demonspawn Gladiator began the quest for the Orb.
     0 | D        | Reached XP level 1. HP: 16/16 MP: 1/1
     3 | D        | Found a blossoming altar of Fedhas.
     4 | D        | Found the +6 Majin-Bo {vamp, *Drain Str+12 Int+24}
     4 | D        | Found the +9 heavy crossbow "Sniper" {velocity, Acc+∞ SInv}
     4 | D        | Found the +10 dark maul {crush}
     4 | D        | Found the +15 Maxwell's patent armour {-Cast -Tele rElec
                  | MR+ rCorr}
     4 | D        | Found the +18 shield of the Gong {rElec rN+ MR+ EV-5}
     4 | D        | Found the cursed +14 obsidian axe {chop, +Fly SInv *Curse}
     4 | D        | Found the +7 great mace "Firestarter" {inner flame, rF++}
     4 | D        | Found the +6 shillelagh "Devastator" {shatter}
     4 | D        | Found the +11 plutonium sword {*Contam Stlth-}
     4 | D        | Found the +8 lance "Wyrmbane" {slay drac, rPois rF+ rC+
                  | AC+3}
     4 | D        | Found the +9 sword of Zonguldrok {reap}
     4 | D        | Found the cursed +13 scythe of Curses {drain, *Curse}
     4 | D        | Found the +0 sword of Power
     4 | D        | Found the +7 mace of Variability {chain chaos}
     4 | D        | Found the +7 Singing Sword {slice}
     4 | D        | Found the +7 longbow "Piercer" {penet, EV-2}
     4 | D        | Found a viscous altar of Jiyva.
     4 | D        | Found a hazy altar of Hepliaklqana.
     4 | D        | Found a transporter.
     4 | D        | Found an opulent altar of Gozag.
     4 | D        | Found an ancient bone altar of Kikubaaqudgha.
     4 | D        | Found a corrupted altar of Lugonu.
     6 | D        | Found a burning altar of Makhleb.
     7 | D        | Found a stormy altar of Qazlal.
     7 | D        | Found an iron altar of Okawaru.
     7 | D        | Found a sacrificial altar of Ru.
     7 | D        | Found a sparkling altar of Nemelex Xobeh.
     7 | D        | Found a shimmering blue altar of Sif Muna.
     7 | D        | Found a bloodstained altar of Trog.
    38 | D        | Gained mutation: You have a pair of small antennae on your
                  | head. [demonic ancestry]
    38 | D        | Reached XP level 2. HP: 22/22 MP: 2/2
    59 | D        | Became a worshipper of Qazlal Stormbringer
    70 | D        | Entered arena 2.
    70 | D        | Noticed a hell hound
    70 | D        | Found a transporter.
    71 | D        | Found the +16 sapphire dagger {flash freeze, rF- rC++ MR+}
    73 | D        | Reached skill level 1 in Invocations
    77 | D        | Killed a hell hound
    77 | D        | Reached * piety under Qazlal
    77 | D        | Reached skill level 5 in Invocations
    77 | D        | Gained mutation: You regenerate a little health from kills.
                  | [demonic ancestry]
    77 | D        | Reached XP level 3. HP: 18/29 MP: 2/7
    77 | D        | Reached XP level 4. HP: 23/36 MP: 2/8
   155 | D        | Got the Tome of Virous Combat Magic
   166 | D        | Entered arena 3.
   166 | D        | Found a transporter.
   169 | D        | Reached skill level 6 in Invocations
   169 | D        | Gained mutation: You are partially covered in thin metallic
                  | scales. (AC +2) [demonic ancestry]
   169 | D        | Reached XP level 5. HP: 42/42 MP: 9/9
   188 | D        | Got the ring "Xiohej" {+Blink Stlth--}
   207 | D        | Entered arena 4.
   207 | D        | Found a transporter.
   210 | D        | Reached ** piety under Qazlal
   210 | D        | Reached skill level 7 in Invocations
   215 | D        | Got the +7 fustibalus of Gusecuubbu {velocity, rC+}
   221 | D        | Entered arena 5.
   221 | D        | Found a transporter.
   223 | D        | Reached *** piety under Qazlal
   226 | D        | Reached **** piety under Qazlal
   230 | D        | Got the +7 shadow dragon scales of the Endless Blessings
                  | {+Fly rCorr Str-4 Stlth++++}
   238 | D        | Entered arena 6.
   238 | D        | Noticed a white ugly thing
   238 | D        | Noticed a blink frog
   238 | D        | Noticed a steam dragon
   238 | D        | Noticed a green ugly thing
   238 | D        | Noticed a red ugly thing
   238 | D        | Found a transporter.
   240 | D        | Noticed a black bear
   240 | D        | a blink frog changed into a black bear
   242 | D        | Killed a black bear
   242 | D        | Reached skill level 5 in Fighting
   242 | D        | Reached skill level 5 in Axes
   242 | D        | Reached skill level 8 in Invocations
   242 | D        | Gained mutation: You have a pair of antennae on your head.
                  | [demonic ancestry]
   242 | D        | Reached XP level 6. HP: 43/51 MP: 10/12
   243 | D        | Killed a red ugly thing
   243 | D        | Reached skill level 5 in Shields
   243 | D        | Reached skill level 11 in Invocations
   243 | D        | Reached XP level 7. HP: 30/58 MP: 10/15
   243 | D        | Killed a steam dragon
   245 | D        | Killed a red ugly thing
   245 | D        | Reached skill level 12 in Invocations
   245 | D        | Gained mutation: You regenerate health from kills. [demonic
                  | ancestry]
   245 | D        | Reached XP level 8. HP: 7/67 MP: 15/17
   247 | D        | Killed a red ugly thing
   247 | D        | Reached ***** piety under Qazlal
   247 | D        | Reached skill level 13 in Invocations
   281 | D        | Entered arena 7.
   281 | D        | Noticed a polar bear
   281 | D        | Noticed a polar bear
   281 | D        | Noticed an ice devil
   281 | D        | Noticed a polar bear
   282 | D        | Found the +8 whip "Snakebite" {curare, rPois}
   284 | D        | Killed a polar bear
   285 | D        | Found a transporter.
   285 | D        | Killed an ice devil
   286 | D        | Killed a polar bear
   286 | D        | Gained mutation: When hurt, damage is shared between your
                  | health and your magic reserves. [demonic ancestry]
   286 | D        | Reached XP level 9. HP: 74/74 MP: 3/19
   288 | D        | Reached skill level 14 in Invocations
   289 | D        | Killed a polar bear
   289 | D        | Reached skill level 10 in Armour
   296 | D        | Got the cursed ring "Datoicw" {Ice Dex+3}
   335 | D        | Entered arena 8.
   336 | D        | Found a transporter.
   368 | D        | Entered arena 9.
   368 | D        | Noticed a Hell Sentinel
   368 | D        | Noticed a large abomination
   368 | D        | Noticed a guardian serpent
   368 | D        | Noticed a smoke demon
   369 | D        | Reached ****** piety under Qazlal
   370 | D        | Killed a large abomination
   370 | D        | Reached skill level 15 in Invocations
   371 | D        | Killed a smoke demon
   372 | D        | Found a transporter.
   376 | D        | Killed a guardian serpent
   385 | D        | Killed a Hell Sentinel
   385 | D        | Reached skill level 10 in Fighting
   385 | D        | Reached skill level 17 in Invocations
   385 | D        | Gained mutation: Your magical and physical power is
                  | slightly enhanced at high health. [demonic ancestry]
   385 | D        | Reached XP level 10. HP: 17/85 MP: 2/22
   521 | D        | Entered arena 10.
   521 | D        | Noticed a red ugly thing
   521 | D        | Noticed a red ugly thing
   521 | D        | Noticed a white ugly thing
   523 | D        | Noticed a cane toad
   523 | D        | a tarantella changed into a cane toad
   524 | D        | Killed a cane toad
   525 | D        | Found a transporter.
   526 | D        | Killed a red ugly thing
   530 | D        | Noticed a black mamba
   530 | D        | a troll changed into a black mamba
   532 | D        | Killed a red ugly thing
   532 | D        | Reached skill level 10 in Axes
   532 | D        | Killed a black mamba
   534 | D        | Killed a white ugly thing
   534 | D        | Reached skill level 18 in Invocations
   552 | D        | Got the +8 spear "Qiqonudgha" {pierce, +Blink +Fly}
   554 | D        | Entered arena 11.
   554 | D        | Noticed a spriggan rider
   554 | D        | Noticed a spriggan rider
   556 | D        | Reached XP level 11. HP: 92/92 MP: 18/24
   556 | D        | Killed a spriggan rider
   556 | D        | Reached skill level 10 in Shields
   564 | D        | Found a transporter.
   574 | D        | Got the ring "Xickipte" {*Drain +Fly rC+ MR+ Stlth+}
   601 | D        | Entered arena 12.
   601 | D        | Noticed a vampire mage
   601 | D        | Noticed a ghoul
   603 | D        | Reached skill level 19 in Invocations
   608 | D        | Killed a vampire mage
   615 | D        | Killed a ghoul
   657 | D        | Found a transporter.
   669 | D        | Got the +5 lajatang "Vyzxozicw" {drain, rPois}
   677 | D        | Entered arena 13.
   677 | D        | Noticed a purple draconian shifter
   677 | D        | Noticed a green draconian
   677 | D        | Noticed a yellow draconian
   677 | D        | Noticed a red draconian
   677 | D        | Noticed a white draconian
   677 | D        | Noticed a storm dragon
   677 | D        | Noticed a black draconian
   677 | D        | Noticed a green draconian
   677 | D        | Noticed a green draconian
   677 | D        | Noticed a storm dragon
   680 | D        | Killed a green draconian
   680 | D        | Reached skill level 20 in Invocations
   680 | D        | Killed a green draconian
   681 | D        | Killed a storm dragon
   681 | D        | Killed a purple draconian shifter
   681 | D        | Gained mutation: You are mostly covered in thin metallic
                  | scales. (AC +3) [demonic ancestry]
   681 | D        | Reached XP level 12. HP: 102/103 MP: 8/26
   681 | D        | Killed a green draconian
   681 | D        | Reached skill level 21 in Invocations
   685 | D        | Killed a red draconian
   686 | D        | Killed a yellow draconian
   688 | D        | Killed a white draconian
   689 | D        | Found a transporter.
   692 | D        | Killed a storm dragon
   693 | D        | Killed a black draconian
   693 | D        | Reached skill level 22 in Invocations
   741 | D        | Got Fiel's Grimoire of the Volcanoes and Summoning
   745 | D        | Got Dyruqe's Reference Book on the Noxious Snowflakes
   747 | D        | Got the +2 short sword of the Blowfly {pierce, Dex+5}
   752 | D        | Entered arena 14.
   752 | D        | Noticed a white draconian
   752 | D        | Noticed a purple draconian
   752 | D        | Noticed a black draconian
   752 | D        | Noticed a yellow draconian
   754 | D        | Killed a black draconian
   754 | D        | Identified the ring of Ruippaz {rC- rCorr Str+9 Dex+3
                  | Stlth+}
   754 | D        | Noticed a green draconian
   755 | D        | Killed a yellow draconian
   755 | D        | Killed a purple draconian
   755 | D        | Killed a green draconian
   755 | D        | Noticed a white draconian monk
   756 | D        | Noticed a yellow draconian
   756 | D        | Noticed a purple draconian
   756 | D        | Noticed a black draconian
   756 | D        | Noticed a green draconian
   757 | D        | Noticed a white draconian
   757 | D        | Noticed a white draconian
   758 | D        | Found the +2 robe of Vines {NoPotionHeal Regen+7 Str+7}
   762 | D        | Killed a white draconian
   763 | D        | Killed a yellow draconian
   763 | D        | Reached XP level 13. HP: 83/112 MP: 10/28
   766 | D        | Killed a white draconian
   766 | D        | Reached skill level 23 in Invocations
   767 | D        | Killed a black draconian
   767 | D        | Killed a green draconian
   767 | D        | Killed a white draconian monk
   771 | D        | Killed a purple draconian
   772 | D        | Killed a white draconian
   826 | D        | Found a transporter.
   835 | D        | Entered arena 15.
   835 | D        | Noticed a stone giant
   835 | D        | Noticed a fire giant
   836 | D        | Noticed a stone giant
   837 | D        | Noticed a fire giant
   838 | D        | Killed a stone giant
   838 | D        | Reached skill level 24 in Invocations
   838 | D        | Killed a fire giant
   838 | D        | Reached skill level 15 in Armour
   838 | D        | Killed a fire giant
   838 | D        | Reached skill level 15 in Fighting
   838 | D        | Killed a stone giant
   838 | D        | Reached skill level 25 in Invocations
   872 | D        | Found a transporter.
   890 | D        | Entered arena 16.
   890 | D        | Noticed a black draconian
   890 | D        | Noticed a purple draconian
   890 | D        | Noticed a tentacled monstrosity
   890 | D        | Noticed a yellow draconian
   890 | D        | Noticed a black draconian
   891 | D        | Noticed a yellow draconian
   891 | D        | Noticed a white draconian
   891 | D        | Noticed a white draconian
   891 | D        | Noticed a black draconian
   891 | D        | Noticed a purple draconian shifter
   891 | D        | Noticed a green draconian
   892 | D        | Killed a yellow draconian
   892 | D        | Killed a black draconian
   892 | D        | Killed a white draconian
   892 | D        | Killed a tentacled monstrosity
   892 | D        | Gained mutation: Your magical and physical power is
                  | enhanced at high health. [demonic ancestry]
   892 | D        | Reached XP level 14. HP: 123/123 MP: 30/30
   892 | D        | Reached skill level 26 in Invocations
   892 | D        | Killed a purple draconian shifter
   892 | D        | Noticed an Orb Guardian
   894 | D        | Killed an Orb Guardian
   894 | D        | Reached skill level 15 in Axes
   895 | D        | Found a transporter.
   903 | D        | Reached skill level 15 in Shields
   934 | D        | Entered arena 17.
   936 | D        | Noticed an orc warlord
   936 | D        | Identified the ring "Simmuy" {rC+ rCorr Slay+2}
   937 | D        | Identified the ring "Unleb" {MR+ Str+5 Dex+2}
   939 | D        | Killed an orc warlord
   939 | D        | Reached skill level 27 in Invocations
   949 | D        | Found a transporter.
   958 | D        | Got the ring of the Salamander {Wiz rPois Dex+2 Slay-2
                  | Stlth+}
   967 | D        | Got the ring of the Tortoise {rPois rC+ Dex+5}
   973 | D        | Entered arena 18.
   975 | D        | Noticed a fire giant
   975 | D        | Noticed a stone giant
   976 | D        | Noticed a frost giant
   976 | D        | Noticed a fire giant
   976 | D        | Noticed a stone giant
   976 | D        | Identified the ring "Romyi" {Ice SInv}
   976 | D        | Noticed a frost giant
   978 | D        | Reached skill level 1 in Evocations
   978 | D        | Killed a stone giant
   978 | D        | Killed a stone giant
   978 | D        | Killed a frost giant
   978 | D        | Killed a frost giant
   978 | D        | Killed a fire giant
   979 | D        | Found a transporter.
   983 | D        | Killed a fire giant
   983 | D        | Reached XP level 15. HP: 136/136 MP: 21/32
  1004 | D        | Got the ring of Abstinence {+Blink SInv}
  1032 | D        | Entered arena 19.
  1035 | D        | Noticed a shadow dragon
  1037 | D        | Reached skill level 5 in Evocations
  1037 | D        | Killed a shadow dragon
  1039 | D        | Found the cursed necklace of Bloodlust {Rage *Rage MR++
                  | Int-3 Slay+6 *Curse}
  1039 | D        | Found a transporter.
  1049 | D        | Got the +7 triple crossbow "Cegoenue" {freeze, Str+4 SInv}
  1057 | D        | Got the ring "Ruox" {rElec rC+ MR+}
  1073 | D        | Got the Incunabulum of Bewitching Confrontation
  1085 | D        | Entered arena 20.
  1089 | D        | Noticed an azure jelly
  1089 | D        | Noticed an acid blob
  1090 | D        | Noticed an acid blob
  1091 | D        | Killed an azure jelly
  1091 | D        | Killed an acid blob
  1091 | D        | Killed an acid blob
  1093 | D        | Found a transporter.
  1102 | D        | Got the amulet of Autumn {Reflect Dex+4 SH+4}
  1117 | D        | Entered arena 21.
  1120 | D        | Noticed an acid blob
  1121 | D        | Noticed an azure jelly
  1122 | D        | Noticed an acid blob
  1122 | D        | Noticed an azure jelly
  1122 | D        | Noticed an acid blob
  1123 | D        | Killed an azure jelly
  1123 | D        | Killed an acid blob
  1123 | D        | Killed an azure jelly
  1123 | D        | Killed an acid blob
  1123 | D        | Killed an acid blob
  1127 | D        | Found a transporter.
  1148 | D        | Entered arena 22.
  1151 | D        | Noticed a pearl dragon
  1151 | D        | Identified the cursed ring of Moderation {+Fly rC+++ Str-4
                  | Dex-4 Stlth--}
  1152 | D        | Noticed a pearl dragon
  1152 | D        | Noticed a pearl dragon
  1153 | D        | Noticed a pearl dragon
  1153 | D        | Killed a pearl dragon
  1153 | D        | Reached skill level 10 in Evocations
  1153 | D        | Gained mutation: You have a pair of large antennae on your
                  | head. (SInv) [demonic ancestry]
  1153 | D        | Reached XP level 16. HP: 150/150 MP: 33/33
  1153 | D        | Killed a pearl dragon
  1153 | D        | Killed a pearl dragon
  1153 | D        | Killed a pearl dragon
  1154 | D        | Identified the +4 large shield of Giomannu {rF+ rCorr Str+4
                  | Dex+4}
  1154 | D        | Noticed a pearl dragon
  1154 | D        | Noticed a pearl dragon
  1155 | D        | Noticed a pearl dragon
  1162 | D        | Killed a pearl dragon
  1165 | D        | Killed a pearl dragon
  1166 | D        | Killed a pearl dragon
  1206 | D        | Found a transporter.
  1214 | D        | Got the Handbook of the Rocks and the Blaze
  1233 | D        | Entered arena 23.
  1237 | D        | Noticed Gloorx Vloq
  1238 | D        | Noticed Mennas
  1238 | D        | Noticed Chuck
  1238 | D        | Noticed Pikel
  1238 | D        | Noticed Harold
  1238 | D        | Noticed Ignacio
  1238 | D        | Noticed the Royal Jelly
  1239 | D        | Noticed Mnoleg
  1239 | D        | Noticed the 27-headed Lernaean hydra
  1239 | D        | Noticed Murray
  1239 | D        | Noticed Jory
  1239 | D        | Noticed Geryon
  1239 | D        | Noticed Frederick
  1239 | D        | Noticed Terence
  1239 | D        | Noticed Louise
  1239 | D        | Noticed Nellie
  1239 | D        | Noticed Maurice
  1239 | D        | Noticed Dissolution
  1239 | D        | Noticed Louise
  1239 | D        | Louise changed into Louise the storm dragon
  1239 | D        | Noticed Nellie
  1239 | D        | Nellie changed into Nellie the tentacled monstrosity
  1240 | D        | Noticed an acid blob
  1240 | D        | Noticed an acid blob
  1240 | D        | Noticed an acid blob
  1240 | D        | Noticed Frances
  1240 | D        | Noticed Agnes
  1240 | D        | Noticed Boris
  1240 | D        | Noticed Gastronok
  1240 | D        | Noticed Josephine
  1241 | D        | Noticed an acid blob
  1241 | D        | Noticed Psyche
  1241 | D        | Killed the 27-headed Lernaean hydra
  1241 | D        | Killed Dissolution
  1241 | D        | Killed Agnes
  1241 | D        | Killed Maurice
  1241 | D        | Killed an acid blob
  1241 | D        | Killed Harold
  1241 | D        | Killed Pikel
  1241 | D        | Killed the Royal Jelly
  1241 | D        | Killed Psyche
  1241 | D        | Killed Purgy
  1241 | D        | Killed Frances
  1241 | D        | Killed Terence
  1241 | D        | Killed Prince Ribbit
  1241 | D        | Killed Frederick
  1241 | D        | Killed Boris
  1241 | D        | Gained mutation: You regenerate a lot of health from kills.
                  | [demonic ancestry]
  1241 | D        | Reached XP level 17. HP: 68/164 MP: 16/34
  1241 | D        | Killed an acid blob
  1241 | D        | Killed Louise the storm dragon
  1241 | D        | Killed Dowan
  1241 | D        | Noticed an acid blob
  1241 | D        | Noticed an acid blob
  1243 | D        | Noticed Blork the orc
  1246 | D        | HP: 6/164 [Jory/+1 great sword of flaming (6)]
  1246 | D        | Slain by Gloorx Vloq

Skill      XL: |  1  2  3  4  5  6  7  8  9 10 11 12 13 14 15 16 |
---------------+-------------------------------------------------+-----
Armour         | 6 7 8 9 11 13 14 15 17 19 22 | 22.2
Invocations    | 5 6 8 11 12 13 17 18 20 22 25 27 | 27.0
Fighting       | 3 5 6 7 8 10 12 13 15 17 20 23 | 23.2
Axes           | 4 5 6 7 9 10 11 13 14 16 17 19 | 19.0
Shields        | 2 4 5 6 7 9 11 12 14 16 19 21 | 21.6
Evocations     | 4 10 13 | 13.4
Throwing       | |  1.7
Dodging        | |  2.6

Action                   |  1- 3 |  4- 6 |  7- 9 | 10-12 | 13-15 | 16-18 || total
-------------------------+-------+-------+-------+-------+-------+-------++-------
Melee: Broad axe         |     5 |    13 |    23 |    43 |    21 |    25 ||   130
Invok: Upheaval          |       |       |     6 |    15 |     2 |     1 ||    24
       Disaster Area     |       |       |       |       |     7 |     2 ||     9
  Use: Potion            |     2 |       |       |       |       |     4 ||     6
       Scroll            |       |       |       |       |     1 |       ||     1
 Stab: Distracted        |       |       |       |       |       |     1 ||     1
  Eat: Ration            |       |       |       |     1 |       |       ||     1
       Chunk             |       |       |       |       |     2 |       ||     2
Armor: Plate armour      |     6 |     9 |     7 |    28 |    20 |    14 ||    84
Dodge: Dodged            |     1 |       |     1 |     2 |       |     1 ||     5
       Deflected         |       |       |       |       |     1 |       ||     1
Block: Medium shield     |       |    25 |    31 |    96 |    31 |    62 ||   245
       Reflection        |       |       |       |       |       |     3 ||     3
